 Dungeon Crawl Stone Soup version 0.24-a0-789-g35933f4585 (webtiles) character file.

Game seed: 15318758879560162632, levelgen mode: deterministic

7 Gargoyl the Skirmisher (level 1, -14/19 HPs)
             Began as a Centaur Abyssal Knight on Oct 10, 2019.
             Was a Follower of Lugonu.
             Demolished by a small abomination (16 damage)
             ... on level 3 of the Abyss.
             The game lasted 00:01:05 (114 turns).

Gargoyl the Skirmisher (Centaur Abyssal Knight)      Turns: 114, Time: 00:01:06

Health: -14/19     AC:  4    Str: 14    XL:     1   Next: 91%
Magic:  2/2        EV:  9    Int: 11    God:    Lugonu [*.....]
Gold:   0          SH:  0    Dex:  8    Spells: 0/0 levels left

rFire    . . .     SeeInvis .   a - +1 hand axe
rCold    . . .     Gourm    .   (no shield)
rNeg     . . .     Faith    .   b - +0 leather armour
rPois    .         Spirit   .   (no helmet)
rElec    .         Reflect  .   (no cloak)
rCorr    .         Harm     .   (no gloves)
MR       .....                  (no barding)
Stlth    ..........             (no amulet)
HPRegen  0.06/turn              (no ring)
MPRegen  0.08/turn              (no ring)

@: about to teleport, slowed
A: large, hooves 3, deformed body, speed 2, tough skin 3
a: Depart the Abyss, Renounce Religion


You were on level 3 of the Abyss.
You worshipped Lugonu.
Lugonu was aware of your devotion.
You were not hungry.

You visited 0 branches of the dungeon, and saw 0 of its levels.
You visited the Abyss 1 time.

Inventory:

Hand Weapons
 a - a +1 hand axe (weapon)
Armour
 b - a +0 leather armour (worn)
Wands
 f - a wand of acid (6)
Potions
 d - a potion of magic {unknown}
Comestibles
 c - 2 rations


   Skills:
 + Level 3.2 Fighting
 + Level 1.9 Axes
 + Level 1.5 Armour
 + Level 0.6 Dodging
 + Level 2.0 Invocations


You couldn't memorise any spells.
You didn't know any spells.
Your spell library was empty.

Dungeon Overview and Level Annotations

Branches:
Dungeon (0/15)

Altars:


Innate Abilities, Weirdness & Mutations

You have hooves in place of feet.
Armour fits poorly on your strangely shaped body.
You cover ground very quickly.
You have extremely tough skin. (AC +3)


Message History

A small abomination comes into view.
That item cannot be evoked!
That item cannot be evoked!
A guardian serpent comes into view.
The guardian serpent casts a spell.
You completely miss the tentacled starspawn.
You kick the tentacled starspawn, but do no damage.
The guardian serpent coils itself and waves its upper body at you.
You feel yourself slow down.
Tentacles burst from the starspawn's body! 2 starspawn tentacles come into view.
Unknown command.
The starspawn tentacle grabs you.
* * * LOW HITPOINT WARNING * * *
The starspawn tentacle constricts you.
You escape the starspawn tentacle's grasp.
The guardian serpent gestures with its tail.
The small abomination blinks into view!
The small abomination hits you!
Ouch! That really hurt!
You die...

#(. .# ..#.. .#.. #.
#....# .... . .....#
.# ##.. ## #...... . .
#...##.#.#. # ..#.
##...#.....# ..#.
#...#.#..#.
#..#.####.#..#.# . .#
....... ##.@..##.....x
........#X.xt.##......
#.....│w.....#...... #
.#.#..│#w..###.. ..#
... #.#.#V.#.##. ...#.
..###...##..... . ...
##......... #..
#.....S..## #
.........#


You could see a tentacled starspawn, an apocalypse crab, a guardian serpent, a
small abomination and 2 starspawn tentacles.

Vanquished Creatures
  A shadow imp (Abyss:1)
1 creature vanquished.

Notes
Turn   | Place    | Note
-------+----------+-------------------------------------------
     0 | Abyss:1  | Gargoyl the Centaur Abyssal Knight began the quest for the
                  | Orb.
     0 | Abyss:1  | Reached XP level 1. HP: 19/19 MP: 2/2
    70 | Abyss:2  | Found a corrupted altar of Lugonu.
    93 | Abyss:2  | Noticed a small abomination
   104 | Abyss:3  | Noticed a small abomination
   110 | Abyss:3  | Noticed a guardian serpent
   111 | Abyss:3  | Noticed a tentacled starspawn
   114 | Abyss:3  | Demolished by a small abomination

Levels and vault maps discovered:
Abyss:3:  nicolae_abyss_rune_left_handed

Action                   || total
-------------------------++-------
Melee: Hand axe          ||    11
       Kick              ||     2
  Use: Scroll            ||     2
Armor: Leather armour    ||     2
Dodge: Dodged            ||     3

Table legend:
 A = Non-vault XP
 B = Vault XP
 C = Vault XP percentage of total XP
 D = Non-vault monster count
 E = Vault monster count
 F = Vault count percentage of total count
                 A         B        C        D         E       F
            +---------+---------+-------+---------+---------+-------
      Total |      11 |       0 |   0.0 |       1 |       0 |   0.0
            +---------+---------+-------+---------+---------+-------
    Abyss:1 |      11 |       0 |   0.0 |       1 |       0 |   0.0
            +---------+---------+-------+---------+---------+-------
